A
LOWELL PATRIOTS @ ABERDEEN IRONBIRDS
05/05/2060
 
TOP OF THE 1ST
Lowell Patriots batting - Pitching for Aberdeen Ironbirds : RHP Scott Witt
Pitching: RHP Scott Witt
Batting: LHB Rick Blom 0-0: Ground out 4-3 (Groundball, 4, EV 97.5 MPH)
Batting: SHB Ean Fink 0-0: Ball
1-0: Swinging Strike
1-1: Foul Ball, location: 2F
1-2: Ball
2-2: Fly out, F8 (Flyball, 8RXD, EV 91.2 MPH)
Batting: LHB Erik Dockery 0-0: Ball
1-0: Swinging Strike
1-1: Foul Ball, location: 2F
1-2: Foul Ball, location: 2F
1-2: Foul Ball, location: 2F
1-2: Strikes out swinging
Top of the 1st over - 0 runs, 0 hits, 0 errors, 0 left on base; Lowell 0 - Aberdeen 0
BOTTOM OF THE 1ST
Aberdeen Ironbirds batting - Pitching for Lowell Patriots : RHP Duncan Belcher
Pitching: RHP Duncan Belcher
Batting: RHB Trevor Gorsuch 0-0: Called Strike
0-1: Foul Ball, location: 2F
0-2: Foul Ball, location: 2F
0-2: Ball
1-2: Foul Ball, location: 2F
1-2: Foul Ball, location: 2F
1-2: Fly out, F8 (Flyball, 8LS, EV 95.0 MPH)
Batting: RHB Jeremiah Butler 0-0: Foul Ball, location: 2F
0-1: Ball
1-1: Ground out 4-3 (Groundball, 4, EV 104.4 MPH)
Batting: SHB Jaxon Guest 0-0: Foul Ball, location: 2F
0-1: Ball
1-1: Called Strike
1-2: Ball
2-2: Ball
3-2: Strikes out swinging
Bottom of the 1st over - 0 runs, 0 hits, 0 errors, 0 left on base; Lowell 0 - Aberdeen 0
TOP OF THE 2ND
Lowell Patriots batting - Pitching for Aberdeen Ironbirds : RHP Scott Witt
Batting: SHB Pete Perkins 0-0: SINGLE (Line Drive, 8RS, EV 96.2 MPH)
Batting: SHB Richard Dennis 0-0: Swinging Strike
0-1: Called Strike
0-2: Foul Ball, location: 2F
0-2: Ball
1-2: Grounds into double play, 6-4-3 (Groundball, 6, EV 85.0 MPH)
Batting: RHB Scott Bergan 0-0: Ball
1-0: Foul Ball, location: 2F
1-1: Swinging Strike
1-2: Ball
2-2: Strikes out swinging
Top of the 2nd over - 0 runs, 1 hit, 0 errors, 0 left on base; Lowell 0 - Aberdeen 0
BOTTOM OF THE 2ND
Aberdeen Ironbirds batting - Pitching for Lowell Patriots : RHP Duncan Belcher
Batting: RHB Wyatt Groome 0-0: Ball
1-0: Called Strike
1-1: Foul Ball, location: 2F
1-2: Strikes out swinging
Batting: RHB Wyatt Tait 0-0: Ball
1-0: Ball
2-0: SINGLE (Line Drive, 6D, EV 99.4 MPH)
Batting: RHB Nolan Posner 0-0: Ball
1-0: Ball
2-0: Foul Ball, location: 2F
2-1: Foul Ball, location: 2F
2-2: 2-RUN HOME RUN (Flyball, 7LD, EV 91.9 MPH), Distance : 342 ft
Batting: RHB Clayton Mendieta 0-0: Called Strike
0-1: Ground out 4-3 (Groundball, 4S, EV 68.1 MPH)
Batting: RHB Joey Scott 0-0: Foul Ball, location: 2F
0-1: Ground out 6-3 (Groundball, 56, EV 88.1 MPH)
Bottom of the 2nd over - 2 runs, 2 hits, 0 errors, 0 left on base; Lowell 0 - Aberdeen 2
TOP OF THE 3RD
Lowell Patriots batting - Pitching for Aberdeen Ironbirds : RHP Scott Witt
Batting: RHB Kyle DiRocco 0-0: Ball
1-0: Called Strike
1-1: Ball
2-1: Foul Ball, location: 2F
2-2: Strikes out swinging
Batting: RHB Kolten bin Aladdin 0-0: Called Strike
0-1: Foul Ball, location: 2F
0-2: Ball
1-2: Strikes out swinging
Batting: RHB Julian Turner 0-0: Ball
1-0: Swinging Strike
1-1: Swinging Strike
1-2: Ball
2-2: Strikes out swinging
Top of the 3rd over - 0 runs, 0 hits, 0 errors, 0 left on base; Lowell 0 - Aberdeen 2
BOTTOM OF THE 3RD
Aberdeen Ironbirds batting - Pitching for Lowell Patriots : RHP Duncan Belcher
Batting: RHB Levi Bellard 0-0: Called Strike
0-1: Ball
1-1: Ball
2-1: Called Strike
2-2: Strikes out looking
Batting: RHB Trevor Gorsuch 0-0: Called Strike
0-1: Ball
1-1: Foul Ball, location: 2F
1-2: Foul Ball, location: 2F
1-2: Ball
2-2: Foul Ball, location: 2F
2-2: DOUBLE (Flyball, 8RXD, EV 106.2 MPH)
Batting: RHB Jeremiah Butler 0-0: Ball
1-0: Called Strike
1-1: Ball
2-1: Foul Ball, location: 2F
2-2: Foul Ball, location: 2F
2-2: Ball
3-2: Foul Ball, location: 2F
3-2: Foul Ball, location: 2F
3-2: Fly out, F9 (Flyball, 9LM, EV 95.0 MPH)
Batting: SHB Jaxon Guest 0-0: Hit by Pitch
Batting: RHB Wyatt Groome 0-0: Called Strike
Trevor Gorsuch steals 3rd, throwing error, E2
Trevor Gorsuch scores
Jaxon Guest to third
0-1: SINGLE (Groundball, 56, EV 100.0 MPH) (infield hit)
Jaxon Guest scores
Batting: RHB Wyatt Tait 0-0: Called Strike
0-1: Swinging Strike
0-2: DOUBLE (Groundball, 5L, EV 98.1 MPH)
Wyatt Groome to third
Batting: RHB Nolan Posner 0-0: Called Strike
0-1: Ball
1-1: Ball
2-1: Ball
3-1: Base on Balls
Batting: RHB Clayton Mendieta 0-0: Ball
1-0: Swinging Strike
1-1: Called Strike
1-2: Ball
2-2: Strikes out swinging
Bottom of the 3rd over - 2 runs, 3 hits, 1 error, 3 left on base; Lowell 0 - Aberdeen 4
TOP OF THE 4TH
Lowell Patriots batting - Pitching for Aberdeen Ironbirds : RHP Scott Witt
Batting: LHB Rick Blom 0-0: DOUBLE (Line Drive, 7LS, EV 107.5 MPH)
Batting: SHB Ean Fink 0-0: Called Strike
0-1: Ball
1-1: Ball
2-1: Called Strike
2-2: Foul Ball, location: 2F
2-2: Strikes out looking
Batting: LHB Erik Dockery 0-0: Ball
1-0: Ball
2-0: Ball
3-0: Base on Balls
Batting: SHB Pete Perkins 0-0: Ball
1-0: Called Strike
1-1: Swinging Strike
1-2: Strikes out swinging
Batting: SHB Richard Dennis 0-0: Ball
1-0: SINGLE (Flyball, 8RS, EV 90.6 MPH)
Rick Blom to third
Erik Dockery to second
Runner from 3rd tries for Home, SAFE, throw by CF to home
Batting: RHB Scott Bergan 0-0: Swinging Strike
0-1: Swinging Strike
0-2: Ball
1-2: Foul Ball, location: 2F
1-2: Strikes out swinging
Top of the 4th over - 1 run, 2 hits, 0 errors, 2 left on base; Lowell 1 - Aberdeen 4
BOTTOM OF THE 4TH
Aberdeen Ironbirds batting - Pitching for Lowell Patriots : RHP Duncan Belcher
Batting: RHB Joey Scott 0-0: Ball
1-0: Called Strike
1-1: Ball
2-1: Ball
3-1: TRIPLE (Flyball, 89XD, EV 93.8 MPH)
Batting: RHB Levi Bellard 0-0: Called Strike
0-1: SINGLE (Line Drive, 56, EV 97.5 MPH)
Joey Scott scores
Pitching: RHP Scott Goodwin
Batting: RHB Trevor Gorsuch 0-0: Ball
Levi Bellard is caught stealing 2nd base 2-4
1-0: Ball
2-0: Ball
3-0: Base on Balls
Batting: RHB Jeremiah Butler 0-0: Ball
Trevor Gorsuch steals 2nd base
1-0: Ball
Trevor Gorsuch steals 3rd, throwing error, E2
Trevor Gorsuch scores
2-0: Ground out 4-3 (Groundball, 34, EV 88.1 MPH)
Batting: SHB Jaxon Guest 0-0: Called Strike
0-1: Ball
1-1: Ball
2-1: Ball
3-1: Foul Ball, location: 2F
3-2: Base on Balls
Batting: RHB Wyatt Groome 0-0: Ground out 1-3 (Groundball, 13S, EV 63.1 MPH)
Bottom of the 4th over - 2 runs, 2 hits, 1 error, 1 left on base; Lowell 1 - Aberdeen 6
TOP OF THE 5TH
Lowell Patriots batting - Pitching for Aberdeen Ironbirds : RHP Scott Witt
Batting: RHB Kyle DiRocco 0-0: Fly out, F8 (Flyball, 8RD, EV 101.2 MPH)
Batting: RHB Kolten bin Aladdin 0-0: Ball
1-0: Called Strike
1-1: Swinging Strike
1-2: Foul Ball, location: 2F
1-2: Foul Ball, location: 2F
1-2: Strikes out swinging
Batting: RHB Julian Turner 0-0: Foul Ball, location: 2F
0-1: Fly out, F8 (Line Drive, 89M, EV 98.8 MPH)
Top of the 5th over - 0 runs, 0 hits, 0 errors, 0 left on base; Lowell 1 - Aberdeen 6
BOTTOM OF THE 5TH
Aberdeen Ironbirds batting - Pitching for Lowell Patriots : RHP Scott Goodwin
Batting: RHB Wyatt Tait 0-0: Ball
1-0: Called Strike
1-1: Ball
2-1: Foul Ball, location: 2F
2-2: Hit by Pitch
Batting: RHB Nolan Posner 0-0: Called Strike
0-1: Ball
1-1: Ball
2-1: Foul Ball, location: 2F
2-2: Ball
3-2: Fly out, F3 (Popup, 3, EV 66.9 MPH)
Batting: RHB Clayton Mendieta 0-0: Ball
1-0: Ball
2-0: Called Strike
2-1: Called Strike
2-2: Foul Ball, location: 2F
2-2: Ball
3-2: Grounds into double play, 5-4-3 (Groundball, 56, EV 105.0 MPH)
Bottom of the 5th over - 0 runs, 0 hits, 0 errors, 0 left on base; Lowell 1 - Aberdeen 6
TOP OF THE 6TH
Lowell Patriots batting - Pitching for Aberdeen Ironbirds : RHP Scott Witt
Batting: LHB Rick Blom 0-0: Called Strike
0-1: Fly out, F1 (Line Drive, P, EV 62.5 MPH)
Batting: SHB Ean Fink 0-0: Fly out, F8 (Flyball, 78M, EV 79.4 MPH)
Batting: LHB Erik Dockery 0-0: Ball
1-0: Ball
2-0: SINGLE (Groundball, 4D, EV 100.6 MPH)
Batting: SHB Pete Perkins 0-0: Called Strike
0-1: Ball
1-1: Called Strike
1-2: Ball
2-2: Ball
3-2: Strikes out swinging
Top of the 6th over - 0 runs, 1 hit, 0 errors, 1 left on base; Lowell 1 - Aberdeen 6
BOTTOM OF THE 6TH
Aberdeen Ironbirds batting - Pitching for Lowell Patriots : RHP Scott Goodwin
Batting: RHB Joey Scott 0-0: Ball
1-0: Ball
2-0: Called Strike
2-1: Ground out 6-3 (Groundball, 6, EV 111.2 MPH)
Batting: RHB Levi Bellard 0-0: Ground out 6-3 (Groundball, 56, EV 100.0 MPH)
Batting: RHB Trevor Gorsuch 0-0: Ball
1-0: Foul Ball, location: 2F
1-1: Ball
2-1: Ground out 4-3 (Groundball, 4, EV 83.8 MPH)
Bottom of the 6th over - 0 runs, 0 hits, 0 errors, 0 left on base; Lowell 1 - Aberdeen 6
TOP OF THE 7TH
Lowell Patriots batting - Pitching for Aberdeen Ironbirds : RHP Scott Witt
Batting: SHB Richard Dennis 0-0: Ball
1-0: Ball
2-0: Ball
3-0: Called Strike
3-1: SINGLE (Groundball, 4MD, EV 86.2 MPH) (infield hit)
Batting: RHB Scott Bergan 0-0: Ball
1-0: Foul Ball, location: 2F
1-1: Ball
2-1: Reached on error, E5 (Groundball, 56S, EV 64.4 MPH)
Richard Dennis to third
Batting: RHB Kyle DiRocco 0-0: Foul Ball, location: 2F
0-1: Ball
1-1: Swinging Strike
1-2: Strikes out swinging
Batting: RHB Kolten bin Aladdin 0-0: Called Strike
0-1: Foul Ball, location: 2F
0-2: Strikes out looking
Batting: RHB Julian Turner 0-0: Ball
1-0: Called Strike
1-1: Called Strike
1-2: Reached on error, E2 (Groundball, 2L, EV 67.5 MPH)
Richard Dennis scores
Scott Bergan scores
Pitching: RHP Eli Swoape
Batting: LHB Rick Blom 0-0: Called Strike
0-1: Swinging Strike
0-2: Ball
1-2: Foul Ball, location: 2F
1-2: Ball
2-2: Ball
3-2: Foul Ball, location: 2F
3-2: Foul Ball, location: 2F
3-2: Foul Ball, location: 2F
3-2: Foul Ball, location: 2F
3-2: TRIPLE (Flyball, 78XD, EV 111.2 MPH)
Julian Turner scores
Batting: SHB Ean Fink 0-0: Ball
1-0: Called Strike
1-1: Fly out, F6 (Popup, 6M, EV 71.2 MPH)
Top of the 7th over - 3 runs, 2 hits, 2 errors, 1 left on base; Lowell 4 - Aberdeen 6
BOTTOM OF THE 7TH
Aberdeen Ironbirds batting - Pitching for Lowell Patriots : RHP Scott Goodwin
Batting: RHB Jeremiah Butler 0-0: Ground out 5-3 (Groundball, 56, EV 90.0 MPH)
Batting: SHB Jaxon Guest 0-0: Ball
1-0: Ball
2-0: Called Strike
2-1: Foul Ball, location: 2F
2-2: Foul Ball, location: 2F
2-2: Ball
3-2: Strikes out swinging
Batting: RHB Wyatt Groome 0-0: Ball
1-0: Foul Ball, location: 2F
1-1: Foul Ball, location: 2F
1-2: Ball
2-2: SINGLE (Groundball, 6M, EV 108.8 MPH)
Batting: RHB Wyatt Tait 0-0: Called Strike
0-1: Called Strike
0-2: Foul Ball, location: 2F
0-2: SINGLE (Groundball, 56D, EV 98.8 MPH)
Wyatt Groome to second
Wyatt Groome to third
Batting: RHB Nolan Posner 0-0: Called Strike
0-1: Called Strike
0-2: Ball
1-2: Ground out 4-3 (Groundball, 34, EV 88.8 MPH)
Bottom of the 7th over - 0 runs, 2 hits, 0 errors, 2 left on base; Lowell 4 - Aberdeen 6
TOP OF THE 8TH
Lowell Patriots batting - Pitching for Aberdeen Ironbirds : RHP Eli Swoape
Now in LF: Jimmy Oliver
Batting: LHB Erik Dockery 0-0: Called Strike
0-1: Ball
1-1: Ball
2-1: DOUBLE (Groundball, 3L, EV 95.6 MPH)
Batting: SHB Pete Perkins 0-0: Swinging Strike
0-1: Ball
Wild Pitch!
Erik Dockery to third
1-1: Ball
2-1: Swinging Strike
2-2: Strikes out looking
Batting: SHB Richard Dennis 0-0: Called Strike
0-1: Ball
1-1: Ball
2-1: Foul Ball, location: 2F
2-2: Ball
3-2: Strikes out swinging
Batting: RHB Scott Bergan 0-0: Called Strike
0-1: Foul Ball, location: 2F
0-2: Strikes out swinging
Top of the 8th over - 0 runs, 1 hit, 0 errors, 1 left on base; Lowell 4 - Aberdeen 6
BOTTOM OF THE 8TH
Aberdeen Ironbirds batting - Pitching for Lowell Patriots : RHP Scott Goodwin
Pitching: RHP Tevonn Popescu
Batting: RHB Clayton Mendieta 0-0: Swinging Strike
0-1: Ball
1-1: Foul Ball, location: 2F
1-2: Ball
2-2: Foul Ball, location: 2F
2-2: Foul Ball, location: 2F
2-2: Foul Ball, location: 2F
2-2: SINGLE (Groundball, 56D, EV 103.8 MPH)
Batting: RHB Joey Scott 0-0: Ball
1-0: Bunted foul
1-1: Ball
2-1: Bunted foul
2-2: Foul Ball, location: 2F
2-2: Foul Ball, location: 2F
2-2: Foul Ball, location: 2F
2-2: Foul Ball, location: 2F
2-2: Foul Ball, location: 2F
2-2: Ball
3-2: 2-RUN HOME RUN (Flyball, 7D, EV 100.6 MPH), Distance : 389 ft
Batting: RHB Levi Bellard 0-0: Ball
1-0: Foul Ball, location: 2F
1-1: Foul Ball, location: 2F
1-2: Strikes out swinging
Batting: RHB Trevor Gorsuch 0-0: Called Strike
0-1: Ball
1-1: Swinging Strike
1-2: Ball
2-2: Fly out, F8 (Line Drive, 8RM, EV 92.5 MPH)
Batting: RHB Jeremiah Butler 0-0: Foul Ball, location: 2F
0-1: SINGLE (Groundball, 3D, EV 96.9 MPH)
Batting: SHB Jaxon Guest 0-0: Ball
1-0: Called Strike
1-1: Ball
2-1: Ball
3-1: Base on Balls
Jeremiah Butler to second
Batting: RHB Wyatt Groome 0-0: Called Strike
0-1: Ball
1-1: Swinging Strike
1-2: Foul Ball, location: 2F
1-2: Foul Ball, location: 2F
1-2: Fielders Choice at 2nd, 5-4 (Groundball, 56, EV 90.0 MPH)
Bottom of the 8th over - 2 runs, 3 hits, 0 errors, 2 left on base; Lowell 4 - Aberdeen 8
TOP OF THE 9TH
Lowell Patriots batting - Pitching for Aberdeen Ironbirds : RHP Eli Swoape
Batting: RHB Kyle DiRocco 0-0: Swinging Strike
0-1: Ball
1-1: DOUBLE (Flyball, 9LM, EV 106.2 MPH)
Batting: RHB Kolten bin Aladdin 0-0: SINGLE (Line Drive, 34D, EV 99.4 MPH)
Kyle DiRocco to third
Pitching: RHP Payton Coyle
Pinch Hitting: SHB Kaleb Biggs 0-0: Called Strike
0-1: Ball
1-1: Called Strike
1-2: Strikes out swinging
Batting: LHB Rick Blom 0-0: Called Strike
0-1: 3-RUN HOME RUN (Flyball, 9D, EV 101.2 MPH), Distance : 396 ft
Batting: SHB Ean Fink 0-0: SINGLE (Line Drive, 78S, EV 105.6 MPH)
Batting: LHB Erik Dockery 0-0: Called Strike
0-1: Foul Ball, location: 2F
0-2: Ball
1-2: Strikes out looking
Batting: SHB Pete Perkins 0-0: Foul Ball, location: 2F
0-1: Foul Ball, location: 2F
0-2: Ball
1-2: Ball
2-2: Ball
3-2: Foul Ball, location: 2F
3-2: SINGLE (Line Drive, 6D, EV 97.5 MPH)
Ean Fink to second
Ean Fink to third
Batting: SHB Richard Dennis 0-0: Ball
1-0: Called Strike
1-1: Foul Ball, location: 2F
1-2: Foul Ball, location: 2F
1-2: Foul Ball, location: 2F
1-2: Foul Ball, location: 2F
1-2: Ground out U3 (Groundball, 3S, EV 79.4 MPH)
Top of the 9th over - 3 runs, 5 hits, 0 errors, 2 left on base; Lowell 7 - Aberdeen 8
Monday, April 29th , 2024 - OOTP Baseball 23.10 Build 110